[Event "Titled Tuesday Blitz March 08 Late 2022"]
[White "Warakomska, Anna"]
[Black "Baker, Chris W"]
[WhiteFideId "1130790"]
[BlackFideId "401676"]
[WhiteElo "2062"]
[BlackElo "2263"]
[Result "1/2-1/2"]
[Round "08"]
[TimeControl "180+1"]
[Date "2022.03.09"]
[WhiteClock "0:00:15"]
[BlackClock "0:00:35"]

1. e4 e5 2. Nf3 Nc6 3. Bb5 a6 4. Ba4 Nf6 5. O-O Be7 6. d3 b5 7. Bb3 O-O 8. Nc3 d6 9. a3 Bg4 10. Be3 Nd4 11. Bxd4 exd4 12. Nd5 c6 13. Nxf6+ Bxf6 14. h3 Be6 15. Bxe6 fxe6 16. a4 c5 17. e5 Bxe5 18. Nxe5 dxe5 19. Qe2 Qd5 20. Rfe1 bxa4 21. Rxa4 Rf5 22. Rea1 Qb7 23. Qe4 Rf7 24. b3 Qxe4 25. dxe4 Rfa7 26. Rc4 Rc7 27. Ra5 Kf7 28. b4 Rb8 29. bxc5 Rb5 30. Rxa6 Rbxc5 31. Rxc5 Rxc5 32. Ra2 Rc3 33. Kf1 d3 34. cxd3 Rxd3 35. Ke2 Rb3 36. Ra7+ Kf6 37. Rd7 h5 38. h4 Rb2+ 39. Ke3 Rb3+ 40. Ke2 Rb2+ 41. Ke3 Rb3+ 42. Ke2 1/2-1/2


[Site "https://www.chess.com"]

[Event "Titled Tuesday Blitz March 08 Late 2022"]
[White "Winkels, Marcel"]
[Black "Clawitter, Craig"]
[WhiteFideId "1003887"]
[BlackFideId "2023105"]
[WhiteElo "1900"]
[BlackElo "2249"]
[Result "0-1"]
[Round "08"]
[TimeControl "180+1"]
[Date "2022.03.09"]
[WhiteClock "0:00:01"]
[BlackClock "0:00:08"]

1. e4 e6 2. d4 d5 3. Nc3 Bb4 4. exd5 exd5 5. Bd3 Nf6 6. Ne2 O-O 7. O-O Re8 8. a3 Be7 9. Ng3 c6 10. Bf4 Nbd7 11. Qd2 Nf8 12. Rfe1 Ne6 13. Be5 Nd7 14. Nh5 Nxe5 15. Rxe5 Bd6 16. Re2 Nxd4 17. Bxh7+ Kxh7 18. Qxd4 f6 19. Qd3+ Kh6 20. Ng3 Rxe2 21. Qxe2 Kh7 22. Qh5+ Kg8 23. Re1 Bd7 24. Qg6 Qf8 25. Nh5 Re8 26. Nxf6+ Qxf6 27. Rxe8+ Bxe8 28. Qxe8+ Kh7 29. Qh5+ Kg8 30. Qe2 Qf4 31. g3 Qc1+ 32. Kg2 Qxb2 33. Qe8+ Kh7 34. Qh5+ Kg8 35. Qe8+ Bf8 36. Qe3 Qxa3 37. Qe6+ Kh8 38. Ne2 Qe7 39. Qh3+ Kg8 40. Nf4 Qf6 41. Qc8 Kh7 42. Qxb7 Bd6 43. Qxc6 Bxf4 44. Qxf6 gxf6 45. gxf4 a5 46. Kf3 a4 47. Ke3 a3 48. c4 a2 49. cxd5 a1=Q 50. d6 Qa3+ 51. Ke4 Qxd6 52. Kf5 Qd4 53. h4 Kg7 54. h5 Qxf2 55. h6+ Kxh6 56. Kxf6 Qxf4+ 57. Ke7 Qg5+ 58. Kf7 Qg6+ 59. Ke7 Qf5 0-1


[Site "https://www.chess.com"]

[Event "Titled Tuesday Blitz March 08 Late 2022"]
[White "Xiong, Jeffery"]
[Black "Tari, Aryan"]
[WhiteFideId "2047640"]
[BlackFideId "1510045"]
[WhiteElo "2727"]
[BlackElo "2567"]
[Result "0-1"]
[Round "08"]
[TimeControl "180+1"]
[Date "2022.03.08"]
[WhiteClock "0:00:02"]
[BlackClock "0:00:14"]

1. e4 c6 2. d4 d5 3. e5 Bf5 4. Nf3 e6 5. Be2 Ne7 6. c3 Ng6 7. h4 h6 8. a4 Nd7 9. Na3 f6 10. h5 Ne7 11. exf6 gxf6 12. Nc2 Bg7 13. Ne3 Bh7 14. Bd3 Bxd3 15. Qxd3 O-O 16. Rh3 e5 17. Qe2 e4 18. Nh4 f5 19. g3 c5 20. dxc5 Nxc5 21. Neg2 d4 22. cxd4 Qxd4 23. Nf4 Nd5 24. Kf1 Nxf4 25. Bxf4 Nd3 26. Rd1 Rac8 27. Ng6 Rfe8 28. g4 Qxa4 29. gxf5 Rc2 30. Bd2 Rxb2 31. f6 Bxf6 32. Qg4 Nxf2 33. Kxf2 e3+ 34. Kg3 Qxg4+ 35. Kxg4 Rxd2 36. Rxe3 Rxd1 37. Rxe8+ Kf7 38. Rb8 Rg1+ 39. Kf5 Rf1+ 40. Ke4 Rb1 41. Nf4 Rb4+ 42. Kf5 Rb5+ 43. Kg4 Be5 0-1


[Site "https://www.chess.com"]

[Event "Titled Tuesday Blitz March 08 Late 2022"]
[White "Xu, Yi"]
[Black "Korchmar, Vasiliy"]
[WhiteFideId "8605564"]
[BlackFideId "24131750"]
[WhiteElo "2471"]
[BlackElo "2370"]
[Result "1-0"]
[Round "08"]
[TimeControl "180+1"]
[Date "2022.03.08"]
[WhiteClock "0:01:04"]
[BlackClock "0:00:52"]

1. e4 c5 2. Nf3 d6 3. d4 cxd4 4. Nxd4 Nf6 5. Nc3 Nc6 6. Bg5 e6 7. Qd2 a6 8. O-O-O h6 9. Nxc6 bxc6 10. Bf4 d5 11. Qe3 Bb4 12. Be2 O-O 13. e5 Nd7 14. Qg3 Qc7 15. h4 Bxc3 16. Qxc3 f6 17. Qg3 fxe5 18. Bxh6 Nf6 19. f3 Nh5 20. Qg4 Nf6 21. Qg3 Nh5 22. Qg4 Nf6 23. Qg6 Qf7 24. Qxf7+ Rxf7 25. Be3 a5 26. h5 Ba6 27. Bxa6 Rxa6 28. h6 e4 29. hxg7 e5 30. Bh6 Raa7 31. Rh4 exf3 32. gxf3 e4 33. fxe4 Nxe4 34. Rxe4 1-0


[Site "https://www.chess.com"]

[Event "Titled Tuesday Blitz March 08 Late 2022"]
[White "Yuan, Qingyu"]
[Black "Hryshchenko, Kamila"]
[WhiteFideId "8609772"]
[BlackFideId "14147491"]
[WhiteElo "2359"]
[BlackElo "1929"]
[Result "0-1"]
[Round "08"]
[TimeControl "180+1"]
[Date "2022.03.08"]
[WhiteClock "0:00:03"]
[BlackClock "0:01:28"]

1. e4 d5 2. exd5 Qxd5 3. Nc3 Qe5+ 4. Be2 Bg4 5. d4 Bxe2 6. Ngxe2 Qa5 7. b4 Qxb4 8. Rb1 Qc4 9. Rxb7 Nf6 10. O-O e6 11. Bf4 Na6 12. Qb1 Bb4 13. Qb3 Qxb3 14. axb3 Kd7 15. Rb5 Rhb8 16. Ra1 Bxc3 17. Nxc3 Nb4 18. Rxb8 Rxb8 19. Rxa7 Ne8 20. Ne4 Nxc2 21. Nc5+ Kc6 22. Be3 Nd6 23. g4 Nb5 24. Ra4 Kd5 25. Na6 Rc8 26. Rc4 Ncxd4 27. Nb4+ Ke4 28. Nc6 e5 29. Bxd4 Nxd4 30. f3+ Ke3 31. Kg2 f6 32. Ne7 Rb8 33. b4 Kd3 34. Rxc7 Rxb4 35. Nd5 Rb2+ 36. Kg3 Ne2+ 37. Kh3 Kd4 38. Rd7 Kc5 39. g5 f5 40. Ne7 Nf4+ 41. Kg3 Rg2+ 42. Kh4 Rxh2+ 43. Kg3 Rg2+ 44. Kh4 g6 45. Ng8 e4 46. fxe4 Rg4# 0-1


[Site "https://www.chess.com"]

[Event "Titled Tuesday Blitz March 08 Late 2022"]
[White "Arabidze, Meri"]
[Black "Papasimakopoulos, Alexandros"]
[WhiteFideId "13604040"]
[BlackFideId "4244125"]
[WhiteElo "2335"]
[BlackElo "2340"]
[Result "1-0"]
[Round "09"]
[TimeControl "180+1"]
[Date "2022.03.08"]
[WhiteClock "0:00:13"]
[BlackClock "0:01:02"]

1. Nf3 f5 2. d3 d6 3. e4 g6 4. exf5 Bxf5 5. d4 Bg7 6. Bd3 Qd7 7. O-O Nf6 8. Re1 Nc6 9. c3 e5 10. dxe5 dxe5 11. Bxf5 Qxf5 12. Be3 e4 13. Nd4 Nxd4 14. Bxd4 O-O-O 15. Qa4 a6 16. Nd2 Ng4 17. Nxe4 Bxd4 18. cxd4 Nf6 19. Nc5 Rhe8 20. Qb3 Qd5 21. Qxd5 Nxd5 22. g3 Nb4 23. a3 Nc6 24. Rxe8 Rxe8 25. d5 Nd4 26. Rd1 Nf5 27. Ne6 Kd7 28. Nc5+ Kc8 29. Ne6 Re7 30. Kg2 b6 31. h4 Kd7 32. Nf4 Re4 33. Rc1 Nxh4+ 34. Kh3 Nf5 35. Rc6 Nd6 36. Rc2 Rd4 37. Rxc7+ Kxc7 38. Ne6+ Kd7 39. Nxd4 Ne4 40. Kg2 Kd6 41. Nc6 a5 42. Kf3 Kxd5 43. Ne7+ Kd4 44. Nc6+ Kd3 45. Ne5+ Kc2 46. Kxe4 Kxb2 47. Nc4+ Kb3 48. Nxb6 Kxa3 49. Nc4+ Kb4 50. Nxa5 Kxa5 51. Ke5 Kb5 52. Kf6 Kc5 53. Kg7 Kd6 54. Kxh7 g5 55. Kg6 Ke5 56. Kxg5 Ke6 57. f4 Kf7 58. Kf5 Kg8 59. Ke6 Kh8 60. f5 Kg8 61. Ke7 Kh8 62. f6 Kh7 63. f7 Kg7 64. f8=Q+ Kg6 65. Qf6+ Kh5 66. Qf5+ Kh6 67. Qg4 Kh7 68. Kf7 Kh8 69. Qg7# 1-0


[Site "https://www.chess.com"]

[Event "Titled Tuesday Blitz March 08 Late 2022"]
[White "Babazada, Khazar"]
[Black "Paravyan, David"]
[WhiteFideId "13413554"]
[BlackFideId "4194985"]
[WhiteElo "2418"]
[BlackElo "2569"]
[Result "0-1"]
[Round "09"]
[TimeControl "180+1"]
[Date "2022.03.08"]
[WhiteClock "0:00:03"]
[BlackClock "0:00:54"]

1. Nf3 Nf6 2. b3 c5 3. Bb2 Nc6 4. g3 g6 5. Bg2 Bg7 6. O-O O-O 7. d3 d5 8. Nbd2 Re8 9. Ne5 Nxe5 10. Bxe5 Be6 11. c4 Qd7 12. Qc1 Rac8 13. Qb2 b6 14. Rac1 Bh3 15. Nf3 Bxg2 16. Kxg2 d4 17. b4 Nh5 18. bxc5 bxc5 19. Bxg7 Nxg7 20. Rb1 e5 21. Qb7 Rc7 22. Qd5 Qxd5 23. cxd5 Nf5 24. Rfc1 e4 25. Ng5 Nd6 26. Rb2 h6 27. Nxe4 Nxe4 28. dxe4 Rxe4 29. Rbc2 Rd7 30. Kf3 Re5 31. Rxc5 Rdxd5 32. Rxd5 Rxd5 33. Ke4 Ra5 34. Rc2 Ra4 35. Ke5 Kg7 36. f4 h5 37. Rb2 Kf8 38. Kd5 Kg7 39. Ke5 Kf8 40. Rd2 Ke7 41. Kd5 Kf6 42. Kc5 a6 43. Rxd4 Rxa2 44. Re4 Kf5 45. Re7 Kg4 46. Rxf7 Rxe2 47. Rf6 Rxh2 48. Rxg6+ Kf5 49. Rg5+ Kf6 50. Kb6 h4 51. g4 h3 52. Rh5 Rb2+ 53. Kxa6 h2 54. Ka5 Kg6 55. Ka4 Rg2 56. f5+ Kf6 57. Kb3 Ke5 58. Kc3 Kf4 59. Kd3 Kxg4 60. Rh8 Rg3+ 61. Ke2 Rh3 0-1


[Site "https://www.chess.com"]

[Event "Titled Tuesday Blitz March 08 Late 2022"]
[White "Bacrot, Etienne"]
[Black "Koutlas, Nikolaos"]
[WhiteFideId "605506"]
[BlackFideId "25827138"]
[WhiteElo "2673"]
[BlackElo "1610"]
[Result "1-0"]
[Round "09"]
[TimeControl "180+1"]
[Date "2022.03.08"]
[WhiteClock "0:00:53"]
[BlackClock "0:00:01"]

1. e4 c5 2. Nf3 Nc6 3. Bb5 g6 4. h4 h6 5. c3 Bg7 6. d4 a6 7. Be2 Nf6 8. d5 Nb8 9. e5 Ng4 10. Bf4 d6 11. exd6 exd6 12. Nbd2 Qf6 13. Bg3 Qe7 14. Nc4 Ne5 15. Nfxe5 dxe5 16. Nb6 Nd7 17. Nxa8 Qd6 18. a4 a5 19. Bb5 O-O 20. Qb3 c4 21. Qxc4 Nc5 22. b4 axb4 23. cxb4 Nd7 24. O-O f5 25. Qc7 Qxc7 26. Nxc7 f4 27. Bh2 Nb6 28. d6 g5 29. Rfd1 Bd7 30. a5 Bxb5 31. axb6 Bc6 32. Ra8 e4 33. d7 1-0


[Site "https://www.chess.com"]

[Event "Titled Tuesday Blitz March 08 Late 2022"]
[White "Baker, Chris W"]
[Black "Vifleemskaia, Svetlana"]
[WhiteFideId "401676"]
[BlackFideId "4129490"]
[WhiteElo "2265"]
[BlackElo "1901"]
[Result "1/2-1/2"]
[Round "09"]
[TimeControl "180+1"]
[Date "2022.03.09"]
[WhiteClock "0:00:29"]
[BlackClock "0:00:06"]

1. c4 c5 2. Nf3 Nf6 3. g3 d5 4. cxd5 Nxd5 5. Bg2 Nc6 6. O-O e5 7. d3 Be7 8. Nc3 Nc7 9. b3 O-O 10. Bb2 f6 11. Rc1 Rb8 12. Ne4 b6 13. a3 a5 14. e3 Bf5 15. Qc2 Ne6 16. Rfd1 Qe8 17. Nh4 Bg4 18. f3 Bh5 19. Nf5 Rd8 20. Rd2 Bg6 21. Nxe7+ Qxe7 22. Bh3 f5 23. Nf2 Rd6 24. Qc4 Kh8 25. Qb5 Qb7 26. Rcd1 Na7 27. Qc4 Qxf3 28. e4 Qh5 29. Bxf5 Bxf5 30. exf5 Qxf5 31. Ne4 Rdd8 32. Rf2 Qg6 33. Bxe5 Rxf2 34. Nxf2 Nc6 35. Bc3 Ned4 36. Rf1 Nf3+ 37. Kg2 Ncd4 38. Bxd4 Nxd4 39. Ne4 h6 40. Qf7 Qxf7 41. Rxf7 Nxb3 42. Rb7 Rxd3 43. Rxb6 c4 44. Nd6 Rd4 45. Nxc4 Rxc4 46. Rxb3 a4 47. Rf3 Rc2+ 48. Kh3 Ra2 49. Kg4 Rxh2 50. Rf4 Kh7 51. Rxa4 Ra2 52. Ra6 Ra1 53. Kh3 Ra2 54. Kg4 Ra1 55. Kf4 Ra2 56. g4 Rf2+ 57. Kg3 Rb2 58. Kf3 Rb3+ 59. Kf4 Rb1 60. Kf5 Rf1+ 61. Ke4 Rg1 62. Kf3 Rf1+ 63. Kg2 Ra1 64. Kf3 Rf1+ 65. Kg3 Rg1+ 66. Kf4 Rf1+ 67. Ke4 Rg1 68. Kf3 Rf1+ 1/2-1/2


[Site "https://www.chess.com"]

[Event "Titled Tuesday Blitz March 08 Late 2022"]
[White "Bellissimo, Joseph F."]
[Black "Tanenbaum, Zachary"]
[WhiteFideId "2609843"]
[BlackFideId "2060850"]
[WhiteElo "2061"]
[BlackElo "2168"]
[Result "0-1"]
[Round "09"]
[TimeControl "180+1"]
[Date "2022.03.08"]
[WhiteClock "0:00:05"]
[BlackClock "0:00:19"]

1. e4 e5 2. Nf3 Nc6 3. Bc4 Nf6 4. d4 exd4 5. e5 d5 6. Bb5 Ne4 7. Nxd4 Bd7 8. Bxc6 bxc6 9. O-O Bc5 10. f3 Ng5 11. Be3 O-O 12. f4 Ne4 13. Nd2 Nxd2 14. Qxd2 f6 15. Nb3 Bb6 16. Bc5 Qe7 17. Qe3 Rae8 18. Rae1 fxe5 19. fxe5 Rf5 20. Kh1 Bc8 21. Rxf5 Bxf5 22. Bxb6 axb6 23. Nd4 Be4 24. Nxc6 Qe6 25. Nd4 Qxe5 26. Kg1 c5 27. Nf3 Qxb2 28. c4 d4 29. Qf4 Qxa2 30. Nd2 Bg6 31. Rxe8+ Bxe8 32. Qe5 Qa1+ 33. Kf2 Qa8 34. Ne4 Bc6 35. Nd6 Qa2+ 36. Ke1 Qa1+ 37. Kf2 Qb2+ 38. Ke1 Qc3+ 39. Kd1 Ba4+ 40. Ke2 d3+ 41. Ke3 Qxe5+ 42. Kxd3 Qxd6+ 43. Kc3 Qd4# 0-1


[Site "https://www.chess.com"]

[Event "Titled Tuesday Blitz March 08 Late 2022"]
[White "Bibasa, Bob"]
[Black "Adewumi, Tanitoluwa"]
[WhiteFideId "10000240"]
[BlackFideId "30966396"]
[WhiteElo "2399"]
[BlackElo "2555"]
[Result "1-0"]
[Round "09"]
[TimeControl "180+1"]
[Date "2022.03.09"]
[WhiteClock "0:00:58"]
[BlackClock "0:00:03"]

1. e4 c6 2. d4 d5 3. exd5 cxd5 4. Bd3 Nc6 5. c3 Nf6 6. Bf4 e6 7. Nf3 Bd6 8. Bxd6 Qxd6 9. O-O O-O 10. Qe2 b6 11. Ne5 Bb7 12. f4 Ne7 13. Nd2 g6 14. Rae1 a6 15. g4 b5 16. a3 Rac8 17. h4 h5 18. f5 exf5 19. gxf5 Kg7 20. fxg6 fxg6 21. Qg2 Ne4 22. Nxe4 dxe4 23. Bxe4 Bd5 24. Bxd5 Nxd5 25. Kh1 Rce8 26. a4 bxa4 27. c4 Nf4 28. Qb7+ Re7 29. Qe4 Ne6 30. Qxg6+ Kh8 1-0


[Site "https://www.chess.com"]

[Event "Titled Tuesday Blitz March 08 Late 2022"]
[White "Bortnyk, Olexandr"]
[Black "Dobrov, Vladimir"]
[WhiteFideId "14120828"]
[BlackFideId "4136594"]
[WhiteElo "2723"]
[BlackElo "2614"]
[Result "1/2-1/2"]
[Round "09"]
[TimeControl "180+1"]
[Date "2022.03.08"]
[WhiteClock "0:00:04"]
[BlackClock "0:00:08"]

1. e4 c5 2. Nf3 Nc6 3. c3 Nf6 4. e5 Nd5 5. d4 cxd4 6. cxd4 d6 7. Bc4 dxe5 8. dxe5 Ndb4 9. Qb3 e6 10. O-O Na5 11. Bb5+ Bd7 12. Qa4 Bxb5 13. Qxb5+ Nac6 14. Bg5 Qd5 15. Nc3 Qxb5 16. Nxb5 Nd5 17. Rfd1 Be7 18. Bxe7 Kxe7 19. Rac1 Rhd8 20. Kf1 Rac8 21. Rd2 Ncb4 22. Ra1 Nc6 23. Rad1 a6 24. Nd6 Rb8 25. Ne4 Nb6 26. Nd6 f6 27. exf6+ gxf6 28. b3 Nb4 29. g3 N6d5 30. Ne4 f5 31. Neg5 h6 32. Nh3 Nc3 33. Rxd8 Rxd8 34. Re1 Nbxa2 35. Nf4 Ne4 36. g4 Kf6 37. h4 Nac3 38. g5+ hxg5 39. hxg5+ Kf7 40. Ne5+ Ke7 41. Neg6+ Kd6 42. f3 Nxg5 43. Ne5 Nd5 44. Nc4+ Ke7 45. Ng6+ Kf6 46. Nge5 Nf7 47. Nd3 Nd6 48. Nc5 Nxc4 49. Rxe6+ Kg5 50. bxc4 Nf4 51. Re7 Rc8 52. Nxb7 Rxc4 53. Nd6 Rc1+ 54. Kf2 Rc2+ 55. Kf1 Rc1+ 56. Kf2 Rc2+ 57. Ke1 Rc6 58. Ne8 Re6+ 59. Rxe6 Nxe6 60. Nd6 Kf4 61. Kd2 a5 62. Kc3 Kxf3 63. Nxf5 Ke4 64. Nd6+ Kd5 65. Nc4 Kc5 66. Nxa5 1/2-1/2


[Site "https://www.chess.com"]

[Event "Titled Tuesday Blitz March 08 Late 2022"]
[White "Bryakin, Mikhail"]
[Black "Derraugh, Geordie"]
[WhiteFideId "4165314"]
[BlackFideId "2603950"]
[WhiteElo "2417"]
[BlackElo "2116"]
[Result "1-0"]
[Round "09"]
[TimeControl "180+1"]
[Date "2022.03.08"]
[WhiteClock "0:01:47"]
[BlackClock "0:00:02"]

1. e4 e5 2. d4 exd4 3. Qxd4 Nc6 4. Qd3 d6 5. Nc3 Nf6 6. Bg5 Be7 7. O-O-O h6 8. Bh4 Be6 9. f4 g5 10. fxg5 Nh7 11. Nf3 Nxg5 12. Bg3 Qd7 13. Nd4 O-O-O 14. Nxe6 Nxe6 15. Nd5 Bg5+ 16. Kb1 Nc5 17. Qf3 Rde8 18. Bd3 Ne5 19. Qh5 Nexd3 20. cxd3 f5 21. h4 Bd8 22. Qxf5 Qxf5 23. exf5 Rhg8 24. Bf4 Rxg2 25. Bxh6 Na4 26. Bc1 Ree2 27. Nf4 Rxb2+ 28. Bxb2 Rxb2+ 29. Kc1 Rxa2 30. Rh3 Bf6 31. Rd2 Ra1+ 32. Kc2 Be5 33. Nd5 c6 34. Ne3 Bc3 35. Rg2 b5 36. f6 Bxf6 37. h5 Ra2+ 38. Kd1 Nc3+ 39. Ke1 Ra1+ 40. Kf2 Bd4 41. h6 Nd1+ 42. Ke2 Nxe3 43. Rg8+ Kb7 44. h7 Ra2+ 45. Kf3 Nd5 46. Rg4 Be5 47. Rg5 Bd4 48. Rh4 Bc3 49. d4 Ra3 50. Kg2 Ra2+ 51. Kh3 Ra3 52. Rg3 Be1 53. Rxa3 Bxh4 54. h8=Q Bf6 55. Qh7+ Nc7 56. Rxa7+ Kxa7 57. Qxc7+ Ka6 58. Qxc6+ Ka5 59. Qxd6 Bg5 60. Qa3+ Kb6 61. d5 Bd8 62. Qd6+ Kb7 63. Qxd8 1-0


[Site "https://www.chess.com"]

[Event "Titled Tuesday Blitz March 08 Late 2022"]
[White "Calcada, Lucas Galvan"]
[Black "Clawitter, Craig"]
[WhiteFideId "22746099"]
[BlackFideId "2023105"]
[WhiteElo "1402"]
[BlackElo "2253"]
[Result "1/2-1/2"]
[Round "09"]
[TimeControl "180+1"]
[Date "2022.03.09"]
[WhiteClock "0:00:41"]
[BlackClock "0:00:06"]

1. c4 e6 2. Nc3 d5 3. d4 Nf6 4. Nf3 dxc4 5. a4 c5 6. Bg5 Nc6 7. dxc5 Bxc5 8. Qxd8+ Nxd8 9. e3 Be7 10. Bxc4 Bd7 11. O-O Rc8 12. Be2 Nc6 13. e4 h6 14. Bh4 g5 15. Bg3 Nh5 16. Rfd1 Nxg3 17. hxg3 a6 18. Rd2 Bf6 19. Nh2 Ne5 20. f4 Nc4 21. Bxc4 Bxc3 22. bxc3 Rxc4 23. Rad1 Rc7 24. Ng4 Ke7 25. e5 Bxa4 26. Rf1 gxf4 27. Rdf2 Be8 28. gxf4 Rxc3 29. Nf6 b5 30. Ne4 Rc4 31. Nd6 Rd4 32. f5 Rd5 33. f6+ Kd7 34. Re2 a5 35. Rc1 b4 36. Nc4 Kc6 37. Nxa5+ Kb5 38. Nb3 Bc6 39. Rec2 Rc8 40. Rc5+ Rxc5 41. Rxc5+ Kb6 42. Rc4 Kb5 43. Rc5+ Kb6 44. Rc4 Kb5 45. Rc5+ 1/2-1/2


[Site "https://www.chess.com"]

[Event "Titled Tuesday Blitz March 08 Late 2022"]
[White "Cardoso Cardoso, Jose Gabriel"]
[Black "Hryshchenko, Kamila"]
[WhiteFideId "4430492"]
[BlackFideId "14147491"]
[WhiteElo "2451"]
[BlackElo "1929"]
[Result "0-1"]
[Round "09"]
[TimeControl "180+1"]
[Date "2022.03.08"]
[WhiteClock "0:00:01"]
[BlackClock "0:01:42"]

1. c4 d5 2. cxd5 e6 3. dxe6 Bxe6 4. Nc3 Nc6 5. g3 Bc5 6. Bg2 Nf6 7. Na4 Be7 8. Nf3 Qd7 9. d3 O-O 10. O-O Rfd8 11. Bg5 h6 12. Bxf6 Bxf6 13. Nc5 Qc8 14. Nxe6 Qxe6 15. Qc2 Rac8 16. a3 Na5 17. b4 Bxa1 18. Rxa1 Nc6 19. e3 Ne7 20. Nd4 Qb6 21. Nb3 c6 22. d4 Qc7 23. Rc1 Nd5 24. Bh3 Rb8 25. Nc5 Qe7 26. Qb3 a6 27. Nd3 Rd6 28. Ne5 Rbd8 29. Bg2 h5 30. h4 Qe6 31. Bf3 g6 32. Qc2 Kg7 33. Kg2 Ne7 34. Nd3 Qc8 35. Nc5 Rf6 36. Ne4 Rf5 37. Ng5 f6 38. Ne4 Rxf3 39. Kxf3 Qg4+ 40. Kg2 Nf5 41. Kh2 Re8 42. Nc5 Nxe3 43. Qd2 Qf3 44. fxe3 Rxe3 45. Rf1 Re2+ 46. Qxe2 Qxe2+ 47. Kg1 Qe3+ 48. Kg2 Qxa3 49. Re1 Qxb4 50. Re7+ Kh6 0-1


[Site "https://www.chess.com"]

[Event "Titled Tuesday Blitz March 08 Late 2022"]
[White "Celestino, Rafael Teixeira"]
[Black "Derige Kane, Yan"]
[WhiteFideId "2108925"]
[BlackFideId "20665431"]
[WhiteElo "2318"]
[BlackElo "2169"]
[Result "0-1"]
[Round "09"]
[TimeControl "180+1"]
[Date "2022.03.09"]
[WhiteClock "0:01:38"]
[BlackClock "0:02:07"]

1. e4 Nc6 2. Nf3 e6 3. d4 d5 4. e5 f6 5. Bb5 Bd7 6. Bxc6 Bxc6 7. exf6 gxf6 8. O-O Qd7 9. Re1 O-O-O 10. c3 Bd6 11. b4 Ba4 12. Qe2 Re8 13. Nbd2 e5 14. dxe5 fxe5 15. Nb3 Nf6 16. Bg5 Ne4 17. Bd2 Bb5 18. Qd1 Rhg8 19. a4 Bc4 20. Na5 Rxg2+ 21. Kxg2 Qg4+ 0-1


[Site "https://www.chess.com"]

[Event "Titled Tuesday Blitz March 08 Late 2022"]
[White "Chigaev, Maksim"]
[Black "Pichot, Alan"]
[WhiteFideId "4108116"]
[BlackFideId "110973"]
[WhiteElo "2502"]
[BlackElo "2579"]
[Result "1-0"]
[Round "09"]
[TimeControl "180+1"]
[Date "2022.03.08"]
[WhiteClock "0:00:17"]
[BlackClock "0:00:06"]

1. d4 Nf6 2. c4 e6 3. Nf3 d5 4. g3 Be7 5. Bg2 O-O 6. Qc2 c6 7. O-O b6 8. Nbd2 a5 9. e4 Ba6 10. Re1 Nbd7 11. e5 Ne8 12. cxd5 cxd5 13. Nf1 Rc8 14. Qd1 b5 15. h4 b4 16. Ne3 Nb6 17. h5 h6 18. b3 Nc7 19. Ng4 Nb5 20. Bxh6 gxh6 21. Qd2 Nc3 22. Qxh6 Nd7 23. a3 Bd3 24. axb4 Bf5 25. Ngh2 axb4 26. Ra7 Re8 27. g4 Be4 28. Qf4 Rf8 29. g5 Rc7 30. Rxc7 Qxc7 31. Ng4 Kh8 32. Nf6 Bf5 33. Nh4 Be4 34. g6 Kg7 35. h6+ Kh8 36. g7# 1-0


[Site "https://www.chess.com"]

[Event "Titled Tuesday Blitz March 08 Late 2022"]
[White "Chiu, Isaac"]
[Black "Janaszak, Dawid"]
[WhiteFideId "30900654"]
[BlackFideId "1119206"]
[WhiteElo "2117"]
[BlackElo "2199"]
[Result "0-1"]
[Round "09"]
[TimeControl "180+1"]
[Date "2022.03.08"]
[WhiteClock "0:00:59"]
[BlackClock "0:00:50"]

1. e4 c5 2. b3 g6 3. Bb2 Nf6 4. e5 Nd5 5. e6 f6 6. exd7+ Bxd7 7. h4 Nc6 8. h5 Bg7 9. Nc3 Nxc3 10. Bxc3 Qc7 11. Bd3 O-O-O 12. Nf3 gxh5 13. O-O Bg4 14. Qe1 e5 15. Nh4 Kb8 16. Be4 Nd4 17. Bxd4 exd4 18. d3 Rde8 19. Qd2 Bf8 20. a3 Bd6 21. Nf5 Bf4 0-1


[Site "https://www.chess.com"]

[Event "Titled Tuesday Blitz March 08 Late 2022"]
[White "Corallo, Michael"]
[Black "Ardila, Oscar Humberto"]
[WhiteFideId "2024152"]
[BlackFideId "4404742"]
[WhiteElo "2150"]
[BlackElo "1966"]
[Result "1-0"]
[Round "09"]
[TimeControl "180+1"]
[Date "2022.03.09"]
[WhiteClock "0:00:38"]
[BlackClock "0:00:13"]

1. e4 e5 2. Nf3 Nc6 3. Bb5 Nf6 4. d3 Bc5 5. O-O d6 6. Be3 Bb6 7. h3 O-O 8. Bxc6 bxc6 9. Nbd2 h6 10. Nc4 Be6 11. b3 Qd7 12. a4 Rfe8 13. a5 Bxe3 14. fxe3 Rab8 15. Nh4 Rb5 16. Rxf6 gxf6 17. Qh5 Kg7 18. Rf1 d5 19. Nd2 Qe7 20. Rf3 Rh8 21. Nf1 dxe4 22. dxe4 Rxa5 23. Ng3 Ra1+ 24. Kh2 Kf8 25. Rf2 a5 26. Rd2 Ke8 27. Nhf5 Bxf5 28. Nxf5 Qf8 29. Qe2 Qb4 30. Qd3 Qxd2 31. Qxd2 a4 32. Qc3 Kd7 33. Qxa1 1-0


[Site "https://www.chess.com"]

[Event "Titled Tuesday Blitz March 08 Late 2022"]
[White "Csonka, Balazs"]
[Black "Elissalt Cardenas, Hector"]
[WhiteFideId "742910"]
[BlackFideId "3500632"]
[WhiteElo "2404"]
[BlackElo "2159"]
[Result "1-0"]
[Round "09"]
[TimeControl "180+1"]
[Date "2022.03.09"]
[WhiteClock "0:02:29"]
[BlackClock "0:02:22"]

1. e4 d6 2. d4 Nf6 3. Nc3 e5 4. Nf3 exd4 5. Nxd4 a6 6. g3 Be7 7. Bg2 O-O 8. O-O c5 9. Nde2 Nc6 10. b3 Re8 11. Bb2 b5 12. e5 1-0


[Site "https://www.chess.com"]

[Event "Titled Tuesday Blitz March 08 Late 2022"]
[White "Dilmukhametov, Artur"]
[Black "Spitzl, Vinzent"]
[WhiteFideId "24179922"]
[BlackFideId "12901253"]
[WhiteElo "2237"]
[BlackElo "2160"]
[Result "1-0"]
[Round "09"]
[TimeControl "180+1"]
[Date "2022.03.09"]
[WhiteClock "0:01:19"]
[BlackClock "0:00:35"]

1. e4 e5 2. Nf3 Nc6 3. Bb5 a6 4. Ba4 Nf6 5. O-O Be7 6. Bxc6 dxc6 7. Qe1 O-O 8. Nxe5 Re8 9. d3 Bd6 10. Nc4 Bxh2+ 11. Kxh2 Ng4+ 12. Kg1 Qh4 13. Bf4 b5 14. Ne3 Ne5 15. Bg3 Qh5 16. f4 Ng6 17. f5 Ne5 18. Nd2 Bb7 19. Nf3 Ng4 20. Nxg4 Qxg4 21. Bxc7 Rac8 22. Qg3 Qh5 23. Be5 f6 24. Bxf6 Qf7 25. Bc3 c5 26. Ng5 Qd7 27. Ne6 Rxe6 28. fxe6 Qc7 29. Be5 1-0


[Site "https://www.chess.com"]

[Event "Titled Tuesday Blitz March 08 Late 2022"]
[White "Dubov, Daniil"]
[Black "Caruana, Fabiano"]
[WhiteFideId "24126055"]
[BlackFideId "2020009"]
[WhiteElo "2791"]
[BlackElo "2744"]
[Result "1-0"]
[Round "09"]
[TimeControl "180+1"]
[Date "2022.03.08"]
[WhiteClock "0:00:07"]
[BlackClock "0:00:15"]

1. e4 c5 2. Nf3 Nc6 3. Nc3 e5 4. Bc4 Be7 5. d3 d6 6. O-O h6 7. Nd5 Nf6 8. c3 O-O 9. Be3 Be6 10. Nxf6+ Bxf6 11. Bxe6 fxe6 12. d4 exd4 13. cxd4 b6 14. Rc1 Rc8 15. Qd2 Qe7 16. Rfd1 Rfd8 17. h3 e5 18. dxe5 dxe5 19. Qe2 Qe6 20. b3 Nd4 21. Bxd4 exd4 22. e5 Be7 23. Qe4 Rf8 24. Ne1 Bg5 25. Rc2 Rf4 26. Qe2 Rcf8 27. Nd3 R4f7 28. Qe4 a5 29. h4 Be7 30. Re1 h5 31. g3 Rf3 32. Ree2 Qg4 33. Qxg4 hxg4 34. Red2 g5 35. hxg5 Bxg5 36. Rd1 Kg7 37. a3 Rc8 38. a4 Re8 39. Kg2 Rff8 40. Re2 Kg6 41. e6 Bf6 42. Nf4+ Kf5 43. Rh1 Rh8 44. Rxh8 Rxh8 45. e7 Re8 46. Nd5 Bg5 47. f4 gxf3+ 48. Kxf3 d3 49. g4+ Kg6 50. Re6+ Kf7 51. Re5 d2 52. Ke2 Bxe7 53. Rxe7+ Rxe7+ 54. Nxe7 Kxe7 55. Kxd2 Ke6 56. Kd3 Kd5 57. g5 Ke5 58. Kc4 1-0


[Site "https://www.chess.com"]